 Dungeon Crawl Stone Soup version 0.30-b1-2-g02819fbbbe (webtiles) character file.

Game seed: 7905887500000712455

11 Alarkh the Sneak (level 2, 24/24 HPs)
             Began as a Demonspawn Delver on May 22, 2023.
             Got out of the dungeon alive.
             The game lasted 00:01:43 (1219 turns).

Alarkh the Sneak (Demonspawn Delver)                Turns: 1219, Time: 00:01:44

Health: 24/24      AC:  5    Str: 12    XL:     2   Next: 17%
Magic:  2/2        EV: 12    Int: 11    God:
Gold:   72         SH:  0    Dex: 14    Spells: 1/1 levels left

rFire   . .          .
                       - Unarmed
rCold   . . .        (no shield)
rNeg    . . .        j - +0 steam dragon scales
rPois   .            (no helmet)
rElec   .            (no cloak)
rCorr   .            (no gloves)
SInv    .            (no boots)
Will    .....        (no amulet)
Stlth   +++          (no ring)
HPRegen 0.24/turn    (no ring)
MPRegen 0.08/turn

%: no passive effects
@: no status effects
A: sanguine armour 1
a: no special abilities


You escaped.
You visited 1 branch of the dungeon, and saw 5 of its levels.

You collected 72 gold pieces.

Inventory:

Armour
 a - a +0 leather armour
 e - a +0 ring mail
 j - +0 steam dragon scales (worn)
Wands
 f - a wand of digging (3)
Scrolls
 b - a scroll of fog
 c - a scroll of magic mapping
 d - a scroll of fear
 g - a scroll of identify {unknown}
 k - a scroll of amnesia {unknown}
 l - a scroll of summoning {unknown}
Potions
 h - a potion of heal wounds {unknown}
 i - a potion of attraction {unknown}


   Skills:
 - Level 3.0 Fighting
 - Level 1.7 Dodging
 - Level 4.5 Stealth
 + Level 2.6 Unarmed Combat


You had one spell level left.
You didn't know any spells.
Your spell library was empty.

Dungeon Overview and Level Annotations

Branches:
Dungeon (5/15)
 Temple: D:4-7

Altars:


Innate Abilities, Weirdness & Mutations

When seriously injured, your blood forms armour. (AC +0)


Message History

There is a stone staircase leading down here.
You now have 66 gold pieces (gained 10).
Found a ring mail.
You see here a +0 ring mail.
You now have 72 gold pieces (gained 6).
A goblin comes into view. It is wielding a +0 dagger.
A goblin is nearby!
A goblin is nearby!
A goblin is nearby!
The goblin shouts!
The goblin barely misses you.
You closely miss the goblin. The goblin hits you but does no damage.
You hit the goblin.
You kill the goblin!
No target in view!
No target in view!
No target in view!
No target in view!
No target in view!
No target in view!
No target in view!
You enter the shallow water.
Moving in this stuff is going to be slow.
You enter the shallow water.
Moving in this stuff is going to be slow.
You enter the shallow water.
Moving in this stuff is going to be slow.
Found a staircase leading out of the dungeon.
Done exploring.
Done exploring.
Done exploring.
(D) Dungeon
Where to? (Enter - D:2 @ (x,y), ? - help)
Okay, then.
You see here a +0 short sword.
You enter the shallow water.
Moving in this stuff is going to be slow.
There is a staircase leading out of the dungeon here.
Are you sure you want to leave the Dungeon?
This will make you lose the game!
You have escaped!

÷..............#~P..P....~.P...P.
.#.#........####...P..P..~.......
............# #...~~.P.....(....
.#..........# #.....P.~..~.....#
...#........####.P...PPP.~......#
.......#....''##~P............~##
.......#.......#≈~~P.........###
...............#.~.P~..P.#####
...............#@...~#..##
...#...........##################
.......#........####.............
......##..........##......#...#..
......#........##..#..(...###....
......#.................#.#......
......#...........#.#...#.#.#....
......##'#........#...........#'#
......##.#........#.............#


There were no monsters in sight!

Vanquished Creatures
  An orc (D:4)
  A ball python (D:2)
  An endoplasm (D:1)
  A goblin (D:1)
  A hobgoblin (D:1)
  2 kobolds
  A bat (D:1)
  A frilled lizard (D:2)
  A rat (D:1)
10 creatures vanquished.

Notes
Turn   | Place    | Note
-------+----------+-------------------------------------------
     0 | D:5      | Alarkh the Demonspawn Delver began the quest for the Orb.
     0 | D:5      | Reached XP level 1. HP: 18/18 MP: 1/1
   133 | D:5      | Noticed an ice beast
   145 | D:5      | Noticed a hound
   176 | D:4      | Noticed a phantom
   595 | D:1      | Gained mutation: When seriously injured, your blood forms
                  | armour. (AC +0) [demonic ancestry]
   595 | D:1      | Reached XP level 2. HP: 24/24 MP: 2/2
  1219 | D:$      | Got out of the dungeon alive.

Illustrated notes

Levels and vault maps discovered:
D:1:      lemuel_arrival_muddy, layout_basic
D:2:      layout_basic, basic_altar
D:3:      layout_rooms, okawaru_metal_pillars_1_2, tgw_fedhas,
          mainiacjoe_overflow_six_doors_small, ashenzari_altar_1,
          mainiacjoe_overflow_catwalk
D:4:      layout_basic, serial_shops, nicolae_inconvenience_store,
          wad_floor_pattern_untrapped, minmay_mini_ossuary
D:5:      layout_basic, nemelex_diamond_rough_becter,
          mainiacjoe_overflow_concentric_impassable, uniq_crazy_yiuf_cottage,
          uniq_ijyb

Skill      XL: |  1 |
---------------+----+-----
Unarmed Combat | 2 |  2.6
Fighting       | |  3.0
Dodging        | |  1.7
Stealth        | |  4.5

Action                     || total
---------------------------++-------
  Melee: Unarmed           ||    59
         Punch             ||     2
    Use: Potion            ||     1
   Stab: Sleeping          ||     3
 Armour: Ring mail         ||     5
         Steam dragon scal ||     8
  Dodge: Dodged            ||    28
